 Dungeon Crawl Stone Soup version 0.28.0-49-g6dfe1f597d (webtiles) character file.

Game seed: 6995419944411049840

65 olmar the Covered (level 4, -1/29 HPs)
             Began as a Gargoyle Fighter on May 15, 2022.
             Slain by Sigmund
             ... wielding a +0 scythe
              (4 damage)
             ... on level 3 of the Dungeon.
             The game lasted 00:01:55 (1853 turns).

olmar the Covered (Gargoyle Fighter)                Turns: 1853, Time: 00:01:56

Health: -1/29      AC: 10    Str: 20 (22) XL:     4   Next: 14%
Magic:  4/4        EV:  9    Int:  6 (8)  God:
Gold:   69         SH:  0    Dex:  7 (9)  Spells: 3/3 levels left

rFire   . . .      SeeInvis .   a - +0 flail
rCold   . . .      Faith    .   c - +0 buckler
rNeg    + . .      Spirit   .   b - +0 scale mail
rPois   ∞          Reflect  .   (no helmet)
rElec   +          Harm     .   (no cloak)
rCorr   .          Rampage  .   (no gloves)
Will    .....                   (no boots)
Stlth   ..........              (no amulet)
HPRegen 0.09/turn               (no ring)
MPRegen 0.09/turn               (no ring)

@: confused
A: sickness immunity, AC +3, negative energy resistance 1, electricity
resistance, torment resistance 1, petrification resistance
a: no special abilities


You were on level 3 of the Dungeon.
You visited 1 branch of the dungeon, and saw 3 of its levels.

You collected 69 gold pieces.

Inventory:

Hand Weapons
 a - a +0 flail (weapon)
 e - a +2 short sword of speed
Missiles
 j - 6 javelins (quivered)
Armour
 b - a +0 scale mail (worn)
 c - a +0 buckler (worn)
Scrolls
 g - a scroll of enchant weapon {unknown}
 i - 2 scrolls of brand weapon {unknown}
Potions
 d - a potion of might
 h - a potion of resistance {unknown}


   Skills:
 + Level 3.8 Fighting
 + Level 2.5 Maces & Flails
 + Level 3.9 Armour
 + Level 1.0 Dodging
 + Level 3.6 Shields


You had 3 spell levels left.
You didn't know any spells.
Your spell library was empty.

Dungeon Overview and Level Annotations

Branches:
Dungeon (3/15)

Altars:
Sif Muna

Shops:
D:1 :

Annotations:
D:3 Sigmund


Innate Abilities, Weirdness & Mutations

You are immune to sickness and miasma.
Your stone body is resilient. (AC +3)
You are immune to poison.
You resist negative energy. (rN+)
You are resistant to electric shocks. (rElec)
You are resistant to unholy torment.
You are immune to petrification.


Message History

No target in view!
No target in view!
No target in view!
Sigmund the Dreaded comes into view.
He is wielding a +0 scythe.
You see here 6 javelins.
j - 6 javelins Sigmund shouts!
Sigmund drinks a potion.
Sigmund's spells are empowered!
An endoplasm comes into view.
There are monsters nearby!
You aren't carrying any items that you can evoke.
Okay, then.
Sigmund casts a spell at you.
You are confused.
Sigmund casts a spell at you.
You are more confused.
Sigmund points at you and mumbles some strange words.
The puff of flame hits you! Sigmund gestures at you while chanting.
You are more confused.
You're too confused to move!
Sigmund gestures at you while chanting. The puff of flame hits you!
You bump into the rock wall.
You bump into the rock wall.
You bump into the rock wall.
You bump into the rock wall.
Unknown command.
Unknown command.
You bump into the rock wall.
Sigmund laughs darkly.
Sigmund hits you from afar with a +0 scythe!
* * * LOW HITPOINT WARNING * * *
Unknown command.
Unknown command.
It was a potion of degeneration.
There was something very wrong with that liquid.
You feel weakened.
You feel dopey.
You feel clumsy.
Sigmund hits you from afar with a +0 scythe.
You die...

#####...####
...#...#.. .
###.#...#.#
..##.......#.#
..J.....†....#
#..........##
#(#....J@#†#
######.#.## .#
#@#..##.#
#.##.##.#
#.##.##.#
##.##.##.#
#......#.#####
#..###.......#
#..# #.......#
#<.# #.......#
#..###[..#####


You could see Sigmund (empowered) and an endoplasm.

Vanquished Creatures
  2 adders
  2 dart slugs
  4 bats
  4 endoplasms
  2 giant cockroaches (D:1)
  5 goblins
  5 hobgoblins
  2 kobolds
  4 ball pythons
  6 frilled lizards
  7 rats
43 creatures vanquished.

Notes
Turn   | Place    | Note
-------+----------+-------------------------------------------
     0 | D:1      | olmar the Gargoyle Fighter began the quest for the Orb.
     0 | D:1      | Reached XP level 1. HP: 14/14 MP: 1/1
    77 | D:1      | Found a faded altar of an unknown god.
   215 | D:1      | Found Tiof Emuonn's Book Emporium.
   261 | D:1      | Reached XP level 2. HP: 19/19 MP: 2/2
   774 | D:1      | Reached XP level 3. HP: 21/23 MP: 3/3
  1222 | D:2      | Found a shimmering blue altar of Sif Muna.
  1395 | D:2      | Reached skill level 1 in Dodging
  1723 | D:3      | Reached XP level 4. HP: 21/29 MP: 4/4
  1840 | D:3      | Noticed Sigmund
  1853 | D:3      | Slain by Sigmund

Illustrated notes

Levels and vault maps discovered:
D:1:      heliophobic_arrival_henge, layout_basic, serial_shops, shop_fountains,
          dreamdust_ecumenical_altar_statues, minmay_misc_feat_chi,
          nrook_mini_backslash
D:2:      layout_rooms, basic_altar
D:3:      layout_basic, serial_glass, glass_columns_a, glass_columns_c,
          serial_shops, shop, uniq_sigmund

Skill      XL: |  1  2  3 |
---------------+----------+-----
Dodging        | 1 |  1.0
Fighting       | |  3.8
Maces & Flails | |  2.5
Armour         | |  3.9
Shields        | |  3.6

Action                   |  1- 3 |  4- 6 || total
-------------------------+-------+-------++-------
Melee: Flail             |   132 |     9 ||   141
  Use: Potion            |       |     1 ||     1
Armor: Scale mail        |    67 |     5 ||    72
Dodge: Dodged            |    65 |     2 ||    67
Block: Buckler           |    34 |     1 ||    35
